Map: Acid Plant LE

Players

Ninja - Winner!

  • Race: Protoss Protoss
  • Spawn Location: 11:00

Poizon

  • Race: Protoss Protoss
  • Spawn Location: 5:00

Event: WCS Montreal 2018

VOD

Have the link to the VOD?

Description

Time

  • Played on: Sept. 7, 2018, 1:20 p.m.
  • Length: 6:43

All games in this series

Show
View Real Time Build Order
Export as new Build Order

Ninja Protoss - Winner!

Build Orders:  

Get SALT Encoding   

  12  0:00  Probe  
  13  0:12  Probe  
  14  0:18  Pylon  
  14  0:23  Probe  
  15  0:32  Probe  
  15  0:38  Gateway  
  15  0:40  Probe  
  16  0:47  Assimilator  
  17  0:51  Probe  
  18  0:59  Probe  
  19  1:07  Pylon, Probe  
  20  1:14  Assimilator  
  20  1:18  Probe  
  20  1:24  Gateway  
  21  1:30  Probe  
  22  1:34  Cybernetics Core  
  22  1:37  Pylon  
  22  1:42  Probe  
  23  1:55  Probe  
  24  2:01  Warp Gate  
  24  2:07  Probe  
  25  2:10  Stalker x2  
  29  2:19  Robotics Facility  
  29  2:27  Pylon  
  29  2:40  Stalker  
  31  2:45  Stalker  
  32  2:56  Probe  
  33  3:05  Pylon  
  33  3:08  Observer  
  34  3:19  Nexus  
  34  3:26  Pylon  
  33  3:32  Probe  
  34  3:38  Immortal  
  34  3:41  Sentry x2  
  39  3:44  Probe  
  43  3:56  Probe  
  43  4:01  Observer  
  44  4:04  Pylon  
  44  4:06  Shield Battery  
  44  4:08  Probe  
  45  4:18  Pylon  
  45  4:20  Probe  
  46  4:27  Warp Prism  
  46  4:28  Probe  
  46  4:30  Probe  
  48  4:36  Probe  
  50  4:38  Probe  
  52  4:49  Gateway  
  52  4:52  Probe  
  52  4:53  Probe  
  52  4:56  Sentry x2  
  58  5:04  Probe  
  58  5:05  Probe  
  58  5:06  Pylon  
  60  5:09  Observer  
  60  5:10  Assimilator  
  60  5:13  Twilight Council  
  60  5:16  Probe  
  60  5:20  Pylon, Probe  
  63  5:28  Probe  
  63  5:29  Stalker, Sentry  
  68  5:52  Stalker  
  68  5:54  Stalker  
  65  6:21  Adept x2  
  68  6:41  Gateway  
  68  6:43  Gateway  
Show
View Real Time Build Order
Export as new Build Order

Poizon Protoss 

Build Orders: Dark Templar Rush 

Get SALT Encoding   

  12  0:01  Probe  
  13  0:13  Probe  
  14  0:17  Pylon  
  14  0:25  Probe  
  15  0:37  Probe  
  15  0:38  Gateway  
  16  0:49  Probe  
  17  0:51  Assimilator  
  17  0:58  Assimilator  
  17  1:01  Probe  
  18  1:19  Probe  
  19  1:31  Probe  
  20  1:34  Gateway  
  20  1:37  Cybernetics Core  
  20  1:39  Probe  
  21  1:47  Probe  
  21  1:50  Pylon  
  22  1:57  Probe  
  23  2:07  Warp Gate  
  23  2:08  Stalker  
  23  2:09  Probe  
  23  2:12  Stalker  
  26  2:21  Probe  
  29  2:31  Pylon  
  29  2:38  Pylon  
  29  2:39  Probe  
  30  2:51  Probe  
  30  2:53  Twilight Council  
  30  2:58  Sentry  
  33  3:03  Probe  
  33  3:04  Stalker  
  36  3:35  Dark Shrine  
  36  3:39  Nexus  
  36  3:49  Pylon  
  36  3:54  Probe  
  37  3:57  Pylon  
  37  4:06  Probe  
  38  4:12  Robotics Facility  
  38  4:15  Probe  
  38  4:23  Probe  
  39  4:25  Blink  
  40  4:32  Probe  
  41  4:44  Probe  
  42  4:47  Dark Templar x2  
  42  4:52  Observer  
  46  4:53  Probe  
  46  4:55  Assimilator  
  46  4:56  Probe  
  49  5:02  Assimilator  
  49  5:05  Probe  
  50  5:09  Probe  
  50  5:10  Shield Battery  
  50  5:14  Immortal  
  51  5:18  Probe  
  52  5:22  Probe  
  57  5:30  Probe  
  58  5:38  Probe  
  58  5:40  Stalker x2  
  53  6:05  Dark Templar x2  
  49  6:18  Pylon  
  49  6:20  Pylon, Probe x2  
  51  6:30  Dark Templar  
  49  6:39  Stalker  
Tags
 
Add a new tag
Caveats
  • Supply blocks, unpowered buildings, or Contaminate may cause inaccurate times.
  • Supply counts are checked every 10 seconds.